 Dungeon Crawl Stone Soup version 0.16-a0-3719-g3c2c23d (webtiles) character file.

188 oshikia the Insei (level 5, -2/36 HPs)
             Began as an Octopode Monk on Jan 21, 2015.
             Was a Believer of Cheibriados.
             Slain by an orc
             ... wielding a +0 dagger
              (5 damage)
             ... on level 3 of the Dungeon.
             The game lasted 00:04:03 (2051 turns).

oshikia the Insei (Octopode Monk)                   Turns: 2051, Time: 00:04:06

Health: -2/36      AC:  1    Str: 16    XL:     5   Next: 67%
Magic:  6/6        EV: 14    Int: 19    God:    Cheibriados [**....]
Gold:   166        SH:  0    Dex: 21    Spells: 0 memorised, 4 levels left

rFire  . . .     SeeInvis .       - Unarmed
rCold  . . .     Clarity  .     (no shield)
rNeg   . . .     SustAb   .     (helmet restricted)
rPois  .         Gourm    .     (no amulet)
rElec  .         Spirit   .     (no ring)
rCorr  .         Warding  .     (no ring)
rMut   .         Stasis   .     (no ring)
MR     .....                    (no ring)
Stlth  ++++......               (no ring)
                                (no ring)
                                (no ring)
                                (no ring)

@: very slow, not resistant to hostile enchantments, stealthy
A: almost no armour, amphibious, 8 rings, constrict 8, camouflage 1, gelatinous
body 1
a: Bend Time, Renounce Religion


You were on level 3 of the Dungeon.
You worshipped Cheibriados.
Cheibriados was pleased with you.
You were not hungry.

You visited 1 branch of the dungeon, and saw 3 of its levels.

You collected 166 gold pieces.

Inventory:

Hand weapons
 e - a +0 hunting sling
Missiles
 d - 8 sling bullets of frost
 j - 26 sling bullets
Magical devices
 m - a wand of polymorph (24)
Scrolls
 c - a scroll of random uselessness {unknown}
 f - 5 scrolls of identify
 g - a scroll of recharging
 h - 2 scrolls of immolation {unknown}
 i - a scroll of enchant weapon {unknown}
 k - a scroll of blinking {unknown}
 p - a scroll of remove curse
Potions
 n - 2 potions of heal wounds {unknown}
Comestibles
 a - a fruit
 b - a bread ration
 l - a meat ration
 o - a royal jelly


   Skills:
 - Level 3.0 Fighting
 - Level 3.0 Dodging
 + Level 4.5 Stealth
 + Level 5.8 Unarmed Combat
 + Level 1.9 Invocations


You had 4 spell levels left.
You didn't know any spells.

Dungeon Overview and Level Annotations

Branches:
Dungeon (3/15)

Altars:
Cheibriados
Elyvilon
Kikubaaqudgha
Ru
Sif Muna
Zin

Annotations:
D:3 Grinder


Innate Abilities, Weirdness & Mutations

You cannot wear most types of armour.
You are amphibious.
You can wear up to eight rings at the same time.
You can use your tentacles to constrict many enemies at once.
Your skin changes colour to match your surroundings (Stealth).
Your rubbery body absorbs attacks (AC +1).


Message History

You kill the bat!
Cheibriados thoroughly appreciates the change of pace.
You tentacle-slap Grinder. You grab Grinder.
Grinder is lightly wounded.
You constrict Grinder. Grinder barely misses you.
You bludgeon Grinder! You squeeze Grinder!
Grinder is heavily wounded.
You constrict Grinder. Grinder hits you.
You writhe in agony.
You tentacle-slap Grinder. You squeeze Grinder.
Grinder is severely wounded.
You constrict Grinder. Grinder hits you!
You writhe in agony.
The orc closely misses you.
You tentacle-slap Grinder but do no damage.
Grinder is severely wounded.
You constrict Grinder. Grinder hits you.
* * * LOW HITPOINT WARNING * * *
You writhe in agony.
* * * LOW HITPOINT WARNING * * *
The orc hits you with a dagger.
You die...

.........# ##.## ##....##
#####...# ##
##......####..<....#
.#$##.........#........#
....?................)..#
..................##...#
...........).......###)##
#.............#.#.#.....#
.....g..@.......#........
.#...##5o...##..†.)......
........................
.....####.#..#........
#....## #.#.##........
.##. #...##....)... #
#..# ##....... ..
#........ #........


You could see Grinder, an orc and a hobgoblin.

Vanquished Creatures
  An orc priest (D:3)
  3 orc wizards
  Ijyb (D:2)
  2 adders
  A worm (D:3)
  5 orcs
  2 ball pythons (D:1)
  A giant cockroach (D:2)
  4 goblins
  4 hobgoblins
  9 bats
  3 giant geckos
  A giant newt (D:2)
  2 kobolds
  5 rats
44 creatures vanquished.

Notes
Turn   | Place    | Note
--------------------------------------------------------------
     0 | D:1      | oshikia, the Octopode Monk, began the quest for the Orb.
     0 | D:1      | Reached XP level 1. HP: 16/16 MP: 1/1
   259 | D:1      | Reached XP level 2. HP: 7/21 MP: 2/2
   674 | D:2      | Noticed Ijyb
   686 | D:2      | Killed Ijyb
   686 | D:2      | Reached skill level 5 in Unarmed Combat
   686 | D:2      | Reached XP level 3. HP: 14/26 MP: 3/3
   982 | D:2      | Found a glowing silver altar of Zin.
   986 | D:2      | Found an ancient bone altar of Kikubaaqudgha.
   989 | D:2      | Found a snail-covered altar of Cheibriados.
   990 | D:2      | Found a sacrificial altar of Ru.
   991 | D:2      | Found a white marble altar of Elyvilon.
   991 | D:2      | Found a deep blue altar of Sif Muna.
  1008 | D:2      | Became a worshipper of Cheibriados the Contemplative
  1357 | D:3      | Reached XP level 4. HP: 14/31 MP: 4/4
  1684 | D:2      | Reached skill level 1 in Invocations
  1766 | D:2      | Reached XP level 5. HP: 13/36 MP: 6/6
  2040 | D:3      | Noticed Grinder
  2051 | D:3      | Slain by an orc

Action                   |  1- 3 |  4- 6 || total
-------------------------+-------+-------++-------
Melee: Unarmed           |    45 |    42 ||    87
 Fire: Hunting sling     |     7 |       ||     7
  Use: Scroll            |     3 |       ||     3
 Stab: Sleeping          |     3 |       ||     3
  Eat: Chunk             |     1 |     1 ||     2
